 Dungeon Crawl Stone Soup version 0.25.1-2-g60ff931df9 (webtiles) character file.

Game seed: 7598487859316353644

1222 hawla the Cleaver (level 8, -3/70 HPs)
             Began as a Hill Orc Monk on Oct 25, 2020.
             Was a Priest of Beogh.
             Slain by an orc warrior
             ... wielding a +0 dire flail
              (20 damage)
             ... on level 7 of the Dungeon on Oct 26, 2020.
             The game lasted 00:16:15 (8005 turns).

hawla the Cleaver (Hill Orc Monk)                   Turns: 8005, Time: 00:16:15

Health: -3/70      AC:  4    Str: 15      XL:     8   Next: 47%
Magic:  8/8        EV: 14    Int:  7 (10) God:    Beogh [***...]
Gold:   361        SH:  0    Dex: 12 (14) Spells: 7/7 levels left

rFire    . . .     SeeInvis .   a - +1 hand axe
rCold    . . .     Gourm    .   (no shield)
rNeg     . . .     Faith    +   b - +1 robe
rPois    .         Spirit   .   (no helmet)
rElec    .         Reflect  .   p - +0 cloak
rCorr    .         Harm     .   (no gloves)
MR       .....                  (no boots)
Stlth    ++........             h - amulet of faith
HPRegen  0.21/turn              (no ring)
MPRegen  0.11/turn              r - ring of wizardry

@: stab
A: no striking features
a: Smiting, Renounce Religion


You were on level 7 of the Dungeon.
You worshipped Beogh.
Beogh was most pleased with you.
You were not hungry.

You visited 2 branches of the dungeon, and saw 8 of its levels.

You collected 361 gold pieces.

Inventory:

Hand Weapons
 a - a +1 hand axe (weapon)
Missiles
 n - 4 atropa-tipped darts
 t - 23 poisoned darts (quivered)
Armour
 b - a +1 robe (worn)
 p - a +0 cloak (worn)
 w - +0 fire dragon scales
Jewellery
 h - an amulet of faith (around neck)
 r - a ring of wizardry (right hand)
Wands
 j - a wand of random effects (24)
 q - a wand of enslavement (6)
Scrolls
 e - 3 scrolls of teleportation
 g - a scroll of noise
 l - 5 scrolls of identify
 u - a scroll of random uselessness {unknown}
Potions
 d - a potion of flight
 k - a potion of brilliance
 o - a potion of magic
Comestibles
 c - 8 rations
 i - 3 chunks of flesh


   Skills:
 + Level 6.2 Fighting
 + Level 9.3 Axes
 + Level 1.2 Throwing
 + Level 5.1 Dodging
 + Level 2.4 Stealth
 + Level 0.7 Evocations


You had 7 spell levels left.
You didn't know any spells.
Your spell library was empty.

Dungeon Overview and Level Annotations

Branches:
Dungeon (7/15)             Temple (1/1) D:5

Altars:
Ashenzari
Dithmenos
Elyvilon
Fedhas
Xom
Yredelemnul

Annotations:
D:4 exclusion: oklob plant


Message History

You closely miss the orc warrior.
The orc warrior is severely wounded.
The orc warrior hits you with a +0 dire flail!
* * * LOW HITPOINT WARNING * * *
You hit the orc warrior but do no damage.
The orc warrior is severely wounded.
The orc warrior barely misses you.
You hit the orc warrior but do no damage.
The orc warrior is severely wounded.
You closely miss the orc warrior.
The orc warrior is severely wounded.
The orc warrior closely misses you.
Throwing (i - inventory. (/) - cycle)
t - 24 poisoned darts (quivered)
Press: ? - help, Shift-Dir - straight line, f/p - orc warrior
Aim: an orc warrior, wielding a +0 dire flail and wearing a +0 plate armour (severely wounded)
You throw a poisoned dart.
The poisoned dart closely misses the orc warrior.
The orc warrior hits you with a +0 dire flail!!
You die...
Beogh appreciates the orc warrior's killing of a heretic priest.

##)#.# ##. ##o#.#
##.. ##.#.## ##.#.
##.#(## ##.#.#
#(#.## ##.#.##
##.#.## ##.#.##
##(#.## ##.#.####
##o#.## ##.#.##..#
##@#.##
##.#.##....
##.#.###.#.###..##
##.#.#.#.###.....
##.#.#.## ###...
##.#.## #... ##.##
#... ### ###. ##..
#######...


You could see an orc warrior.

Vanquished Creatures
  An ice beast (D:5)
  A phantom (D:6)
  A centaur (D:6)
  A bullfrog (D:7)
  A gnoll sergeant (D:6)
  2 scorpions
  A howler monkey (D:5)
  A crimson imp (D:6)
  A quasit (D:7)
  3 hounds
  An orc priest (D:6)
  4 orc wizards
  3 bullfrog skeletons
  An iguana (D:4)
  3 worker ants
  A hound zombie (D:6)
  4 adders
  3 gnolls (D:5)
  An ooze (D:1)
  An adder skeleton (D:5)
  2 worms
  5 dart slugs
  2 leopard geckos
  13 orcs
  4 giant cockroaches
  6 goblins
  4 hobgoblins
  18 jackals
  3 quokkas
  A ball python (D:2)
  2 bats (D:1)
  3 frilled lizards
  A jackal zombie (D:6)
  8 kobolds
  7 rats
114 creatures vanquished.

Vanquished Creatures (collateral kills)
  A bullfrog (D:7)
1 creature vanquished.

Vanquished Creatures (others)
  2 orcs (D:7)
2 creatures vanquished.

Grand Total: 117 creatures vanquished

Notes
Turn   | Place    | Note
-------+----------+-------------------------------------------
     0 | D:1      | hawla the Hill Orc Monk began the quest for the Orb.
     0 | D:1      | Reached XP level 1. HP: 19/19 MP: 1/1
   169 | D:1      | Reached XP level 2. HP: 23/27 MP: 2/2
   670 | D:1      | Reached XP level 3. HP: 10/33 MP: 3/3
  1323 | D:2      | Reached skill level 5 in Axes
  1361 | D:2      | Reached XP level 4. HP: 14/40 MP: 4/4
  1657 | D:2      | Found a faded altar of an unknown god.
  1934 | D:2      | Found a shimmering altar of Xom.
  2368 | D:3      | Found a white marble altar of Elyvilon.
  2422 | D:3      | Found a basalt altar of Yredelemnul.
  3079 | D:4      | Became a worshipper of Beogh the Brigand
  3079 | D:4      | Reached * piety under Beogh
  3079 | D:4      | Reached ** piety under Beogh
  3111 | D:4      | Reached XP level 5. HP: 28/47 MP: 5/5
  3275 | D:4      | Reached skill level 6 in Axes
  3521 | D:4      | Found a shattered altar of Ashenzari.
  3540 | D:4      | Found a blossoming altar of Fedhas.
  3550 | D:4      | Noticed an oklob plant
  3831 | D:5      | Entered Level 5 of the Dungeon
  3831 | D:5      | Found a staircase to the Ecumenical Temple.
  3831 | D:5      | Noticed an ice beast
  3863 | D:5      | Killed an ice beast
  3863 | D:5      | Reached XP level 6. HP: 32/55 MP: 6/6
  4266 | D:5      | Reached skill level 5 in Fighting
  4266 | D:5      | Reached skill level 7 in Axes
  4651 | D:5      | Found a shadowy altar of Dithmenos.
  5036 | D:5      | Reached XP level 7. HP: 59/61 MP: 7/7
  5845 | D:6      | Reached skill level 8 in Axes
  5907 | D:6      | Identified the +3 leather armour of Free Will {-Tele Harm
                  | rPois Str+3}
  6325 | D:6      | Reached XP level 8. HP: 68/70 MP: 8/8
  7112 | D:6      | Reached skill level 1 in Throwing
  7320 | Temple   | Entered the Ecumenical Temple
  7417 | D:7      | Reached *** piety under Beogh
  7424 | D:7      | Reached skill level 9 in Axes
  7784 | D:7      | Reached skill level 5 in Dodging
  8005 | D:7      | Slain by an orc warrior

Illustrated notes

Levels and vault maps discovered:
D:1:      minmay_arrival_loop, layout_basic, minmay_pentomino_p4
D:2:      layout_rooms, xom_butterflies, chequers_ecumenical_altar_simple_redux,
          kennysheep_path_1, hangedman_decor_lopped
D:3:      wad_pebble_path, layout_basic, kennysheep_ying_yang, first_ration,
          kennysheep_generic_room_13
D:4:      layout_basic, ashenzari_altar_1, tgw_fedhas
D:5:      layout_basic, nicolae_dithmenos_shadow_blocks,
          minmay_temple_entry_overgrown, minmay_misc_feat_secret_circle
D:6:      layout_loops_cross, kennysheep_generic_room_5
D:7:      minmay_inner_zag, layout_cave_pools, serial_shops, shop_statue
Temple:   regret_index_temple_generic_petals

Skill      XL: |  1  2  3  4  5  6  7  8 |
---------------+-------------------------+-----
Fighting       | 4 5 6 |  6.2
Axes           | 5 6 7 8 9 |  9.3
Dodging        | 3 4 5 |  5.1
Stealth        | 2 |  2.4
Throwing       | 1 |  1.2
Evocations     | |  0.7

Action                   |  1- 3 |  4- 6 |  7- 9 || total
-------------------------+-------+-------+-------++-------
Melee: Hand axe          |    96 |   207 |   224 ||   527
Throw: Dart              |       |     3 |     7 ||    10
Invok: Convert to Beogh  |       |     1 |       ||     1
Evoke: Wand              |       |     5 |       ||     5
  Use: Scroll            |     4 |     2 |     3 ||     9
       Potion            |     1 |     1 |     8 ||    10
 Stab: Sleeping          |     2 |       |     2 ||     4
       Invisible         |       |       |     1 ||     1
  Eat: Chunk             |     1 |     7 |     4 ||    12
       Ration            |       |     1 |     2 ||     3
Armor: Robe              |    24 |    34 |    42 ||   100
       Skin              |     3 |    51 |    17 ||    71
Dodge: Dodged            |   101 |   129 |   141 ||   371
